10 Death Knight
3 Death Coil
3 Unholy Aura
3 Death Pact
1 Animate Dead
10 Dark Ranger
3 Black Arrow
3 Silence
3 Life Drain
1 Charm
10 Crypt Lord
3 Impale
3 Spiked Carapace
1 Locust Swarm
3 Carrion Beetles
» actions
| Assign group hotkey | 65 | |
| Basic commands | 167 | |
| Build / train | 180 | |
| ESC pressed | 25 | |
| Enter build submenu | 26 | |
| Enter hero's abilities submenu | 30 | |
| Give item / drop item | 4 | |
| Remove unit from queue | 1 | |
| Right click | 789 | |
| Select / deselect | 874 | |
| Select group hotkey | 546 | |
| Use ability | 218 | |
2925 total
» units
| Acolyte | 16 | |
| Ghoul | 3 | |
| Crypt Fiend | 23 | |
| Goblin Shredder | 1 | |
| Meatwagon | 18 | |
| Necromancer | 30 | |
| Abomination | 19 | |
| Obsidian Statue | 6 | |
116 total
» upgrades
| Creature Attack | 4 | |
| Creature Carapace | 3 | |
| Unholy Strength | 3 | |
| Unholy Armor | 3 | |
| Web | 1 | |
| Necromancer Training | 2 | |
| Skeletal Longevity | 1 | |
| Exhume Corpses | 1 | |
| Disease Cloud | 1 | |
| Skeletal Mastery | 1 | |
20 total
» buildings
| Altar of Darkness | 1 | |
| Ziggurat | 11 | |
| Crypt | 1 | |
| Graveyard | 1 | |
| Tomb of Relics | 2 | |
| Halls of the Dead | 1 | |
| Slaughterhouse | 2 | |
| Temple of the Damned | 1 | |
| Black Citadel | 1 | |
| Spirit Tower | 3 | |
| Nerubian Tower | 1 | |
25 total
» build order
00:08 Altar of Darkness
00:10 Ziggurat
00:14 Crypt
00:25 Ziggurat
01:00 Graveyard
01:30 Ziggurat
01:43 Tomb of Relics
01:49 Tomb of Relics
03:36 Ziggurat
04:00 Halls of the Dead
05:27 Ziggurat
06:51 Slaughterhouse
08:19 Slaughterhouse
08:23 Temple of the Damned
08:29 Ziggurat
08:32 Ziggurat
11:40 Black Citadel
13:31 Ziggurat
13:32 Ziggurat
13:37 Spirit Tower
13:39 Nerubian Tower
14:39 Spirit Tower
20:23 Ziggurat
20:26 Ziggurat
23:07 Spirit Tower
» items
| Rod of Necromancy | 1 | |
| Orb of Corruption | 2 | |
| Scroll of Town Portal | 1 | |
4 total